| TOP OF THE 1ST |
|
Reno Silver Sox batting - Pitching for Stockton Mariners : LHP Randy Ford
|
|
Pitching: LHP Randy Ford
|
|
|
Batting: RHB Lemmie Miller
|
0-0: Foul Ball, location: 2F 0-1: Foul Ball, location: 2F 0-2: Ball 1-2: Foul Ball, location: 2F 1-2: Ground out 4-3 (Groundball, 4, EV 83.8 MPH)
|
|
Batting: RHB Rod Hobbs
|
0-0: SINGLE (Groundball, 6D, EV 95.6 MPH)
|
|
Batting: LHB Victor Diaz
|
0-0: Fly out, F9 (Flyball, 89S, EV 81.9 MPH)
|
|
Batting: LHB Mike Hocutt
|
0-0: Ground out 1-3 (Groundball, 15S, EV 67.5 MPH)
|
| Top of the 1st over - 0 runs, 1 hit, 0 errors, 1 left on base; Reno 0 - Stockton 0 |
| BOTTOM OF THE 1ST |
|
Stockton Mariners batting - Pitching for Reno Silver Sox : RHP Donald Lamer
|
|
Pitching: RHP Donald Lamer
|
|
|
Batting: LHB Ricky Nelson
|
0-0: Ball 1-0: Ball 2-0: Swinging Strike 2-1: Ball 3-1: Foul Ball, location: 2F 3-2: Base on Balls
|
|
Batting: LHB David Lanning
|
0-0: Ball 1-0: Foul Ball, location: 2F 1-1: DOUBLE (Line Drive, 8RXD, EV 103.1 MPH) Ricky Nelson to third
|
|
Batting: SHB Eddie Tanner
|
0-0: Called Strike 0-1: Foul Ball, location: 2F 0-2: Ball 1-2: Ball 2-2: Ball 3-2: Foul Ball, location: 2F 3-2: Base on Balls
|
|
Batting: LHB David Cawthon
|
0-0: Fly out, F7 (Flyball, 7D, EV 98.1 MPH) Runner from 3rd tags up, SCORES, no throw by LF David Lanning to third
|
|
Batting: RHB Orlando Mercado
|
0-0: Ball 1-0: Foul Ball, location: 2F 1-1: Foul Ball, location: 2F 1-2: Ball 2-2: SINGLE (Groundball, 6MD, EV 103.8 MPH) David Lanning scores Eddie Tanner to second Runner from 2nd tries for 3rd, SAFE, no throw by CF
|
|
Batting: LHB Joe Perna
|
0-0: Ball 1-0: Ball 2-0: Foul Ball, location: 2F 2-1: Swinging Strike 2-2: Fielders Choice at 2nd, 5-4 (Groundball, 56, EV 108.1 MPH) Eddie Tanner scores
|
|
Batting: LHB Harold Perkins
|
0-0: Called Strike 0-1: Fly out, F9 (Line Drive, 9, EV 85.0 MPH)
|
| Bottom of the 1st over - 3 runs, 2 hits, 0 errors, 1 left on base; Reno 0 - Stockton 3 |
| TOP OF THE 2ND |
|
Reno Silver Sox batting - Pitching for Stockton Mariners : LHP Randy Ford
|
|
Batting: RHB Bill Crone
|
0-0: Foul Ball, location: 2F 0-1: Swinging Strike 0-2: Strikes out looking
|
|
Batting: LHB Kevin Rigby
|
0-0: Foul Ball, location: 2F 0-1: Swinging Strike 0-2: Strikes out looking
|
|
Batting: RHB Luis Cabanas
|
0-0: Foul Ball, location: 2F 0-1: Fly out, F9 (Line Drive, 9D, EV 102.5 MPH)
|
| Top of the 2nd over - 0 runs, 0 hits, 0 errors, 0 left on base; Reno 0 - Stockton 3 |
| BOTTOM OF THE 2ND |
|
Stockton Mariners batting - Pitching for Reno Silver Sox : RHP Donald Lamer
|
|
Batting: LHB Victor Gavidia
|
0-0: Called Strike 0-1: Swinging Strike 0-2: Foul Ball, location: 2F 0-2: Ball 1-2: Ground out 6-3 (Groundball, 6, EV 86.3 MPH)
|
|
Batting: RHB Robert Silverman
|
0-0: Foul Ball, location: 2F 0-1: Ball 1-1: Ball 2-1: Foul Ball, location: 2F 2-2: SINGLE (Line Drive, 8LS, EV 106.9 MPH)
|
|
Batting: LHB Ricky Nelson
|
0-0: Swinging Strike 0-1: Ball 1-1: Ball 2-1: Ball 3-1: Base on Balls Robert Silverman to second
|
|
Batting: LHB David Lanning
|
0-0: Ball 1-0: Fly out, F4 (Popup, 34D, EV 53.8 MPH)
|
|
Batting: SHB Eddie Tanner
|
0-0: Fielders Choice at 2nd, 5-4 (Groundball, 56, EV 104.4 MPH)
|
| Bottom of the 2nd over - 0 runs, 1 hit, 0 errors, 2 left on base; Reno 0 - Stockton 3 |
| TOP OF THE 3RD |
|
Reno Silver Sox batting - Pitching for Stockton Mariners : LHP Randy Ford
|
|
Batting: RHB Emilio Perez
|
0-0: Fly out, F6 (Popup, 6M, EV 51.3 MPH)
|
|
Batting: RHB Jesus Tiamo
|
0-0: Ground out 3-1 (Groundball, 34, EV 110.0 MPH)
|
|
Batting: RHB Lemmie Miller
|
0-0: Ball 1-0: Called Strike 1-1: Called Strike 1-2: SOLO HOME RUN (Flyball, 78XD, EV 105.0 MPH), Distance : 431 ft
|
|
Batting: RHB Rod Hobbs
|
0-0: Ball 1-0: Fly out, F8 (Flyball, 8RS, EV 90.6 MPH)
|
| Top of the 3rd over - 1 run, 1 hit, 0 errors, 0 left on base; Reno 1 - Stockton 3 |
| BOTTOM OF THE 3RD |
|
Stockton Mariners batting - Pitching for Reno Silver Sox : RHP Donald Lamer
|
|
Batting: LHB David Cawthon
|
0-0: Ball 1-0: Called Strike 1-1: Ball 2-1: Called Strike 2-2: Foul Ball, location: 2F 2-2: Ground out 4-3 (Groundball, 4, EV 89.4 MPH)
|
|
Batting: RHB Orlando Mercado
|
0-0: Called Strike 0-1: Swinging Strike 0-2: SINGLE (Line Drive, 7S, EV 109.4 MPH)
|
|
Batting: LHB Joe Perna
|
0-0: Called Strike 0-1: Called Strike 0-2: Strikes out swinging Orlando Mercado steals 2nd base Batter strikes out.
|
|
Batting: LHB Harold Perkins
|
0-0: Ground out 3-1 (Groundball, 34, EV 102.5 MPH)
|
| Bottom of the 3rd over - 0 runs, 1 hit, 0 errors, 1 left on base; Reno 1 - Stockton 3 |
| TOP OF THE 4TH |
|
Reno Silver Sox batting - Pitching for Stockton Mariners : LHP Randy Ford
|
|
Batting: LHB Victor Diaz
|
0-0: Ball 1-0: Swinging Strike 1-1: Foul Ball, location: 2F 1-2: Foul Ball, location: 2F 1-2: SINGLE (Line Drive, 78M, EV 91.3 MPH)
|
|
Batting: LHB Mike Hocutt
|
0-0: Ball 1-0: Called Strike 1-1: Ball 2-1: Foul Ball, location: 2F 2-2: Fly out, F5 (Popup, 5SF, EV 83.8 MPH)
|
|
Batting: RHB Bill Crone
|
0-0: Grounds into double play, 6-4-3 (Groundball, 6, EV 87.5 MPH)
|
| Top of the 4th over - 0 runs, 1 hit, 0 errors, 0 left on base; Reno 1 - Stockton 3 |
| BOTTOM OF THE 4TH |
|
Stockton Mariners batting - Pitching for Reno Silver Sox : RHP Donald Lamer
|
|
Batting: LHB Victor Gavidia
|
0-0: Fly out, F9 (Flyball, 9S, EV 90.0 MPH)
|
|
Batting: RHB Robert Silverman
|
0-0: Ball 1-0: Ball 2-0: Called Strike 2-1: Ball 3-1: Ground out 4-3 (Groundball, 13, EV 78.8 MPH)
|
|
Batting: LHB Ricky Nelson
|
0-0: Ball 1-0: Ball 2-0: Ball 3-0: Called Strike 3-1: Called Strike 3-2: Fly out, F8 (Line Drive, 8RD, EV 102.5 MPH)
|
| Bottom of the 4th over - 0 runs, 0 hits, 0 errors, 0 left on base; Reno 1 - Stockton 3 |
| TOP OF THE 5TH |
|
Reno Silver Sox batting - Pitching for Stockton Mariners : LHP Randy Ford
|
|
Batting: LHB Kevin Rigby
|
0-0: Ball 1-0: Ball 2-0: SINGLE (Line Drive, 6M, EV 96.9 MPH)
|
|
Batting: RHB Luis Cabanas
|
0-0: Ground out 5-3 (Groundball, 15, EV 86.3 MPH) Kevin Rigby to second
|
|
Batting: RHB Emilio Perez
|
0-0: Foul Ball, location: 2F 0-1: Foul Ball, location: 2F 0-2: Ball Wild Pitch! Kevin Rigby to third 1-2: Strikes out swinging
|
|
Batting: RHB Jesus Tiamo
|
0-0: Called Strike 0-1: Ground out 5-3 (Groundball, 56, EV 93.8 MPH)
|
| Top of the 5th over - 0 runs, 1 hit, 0 errors, 1 left on base; Reno 1 - Stockton 3 |
| BOTTOM OF THE 5TH |
|
Stockton Mariners batting - Pitching for Reno Silver Sox : RHP Donald Lamer
|
|
Batting: LHB David Lanning
|
0-0: Swinging Strike 0-1: Ball 1-1: Ball 2-1: Called Strike 2-2: Ball 3-2: Ground out 1-3 (Groundball, P, EV 65.0 MPH)
|
|
Batting: SHB Eddie Tanner
|
0-0: Ball 1-0: Foul Ball, location: 2F 1-1: Ball 2-1: Called Strike 2-2: Foul Ball, location: 2F 2-2: Fly out, F7 (Flyball, 7LM, EV 87.5 MPH)
|
|
Batting: LHB David Cawthon
|
0-0: Swinging Strike 0-1: Swinging Strike 0-2: SINGLE (Flyball, 78S, EV 98.8 MPH)
|
|
Batting: RHB Orlando Mercado
|
0-0: Foul Ball, location: 2F 0-1: Ball 1-1: Ground out 5-3 (Groundball, 56S, EV 85.0 MPH)
|
| Bottom of the 5th over - 0 runs, 1 hit, 0 errors, 1 left on base; Reno 1 - Stockton 3 |
| TOP OF THE 6TH |
|
Reno Silver Sox batting - Pitching for Stockton Mariners : LHP Randy Ford
|
|
Batting: RHB Lemmie Miller
|
0-0: Ball 1-0: Foul Ball, location: 2F 1-1: Foul Ball, location: 2F 1-2: SINGLE (Flyball, 8LS, EV 86.3 MPH)
|
|
Batting: RHB Rod Hobbs
|
0-0: Ball 1-0: Called Strike 1-1: Ball 2-1: Ball 3-1: Foul Ball, location: 2F 3-2: Fly out, F8 (Line Drive, 8RM, EV 97.5 MPH)
|
|
Batting: LHB Victor Diaz
|
0-0: Called Strike 0-1: Ball 1-1: Ball 2-1: Foul Ball, location: 2F 2-2: Foul Ball, location: 2F 2-2: Ball 3-2: Base on Balls Lemmie Miller to second
|
|
Batting: LHB Mike Hocutt
|
0-0: Swinging Strike 0-1: Ball 1-1: Swinging Strike 1-2: 3-RUN HOME RUN (Flyball, 9D, EV 108.1 MPH), Distance : 402 ft
|
|
Batting: RHB Bill Crone
|
0-0: Ball 1-0: Ground out U3 (Groundball, 34, EV 102.5 MPH)
|
|
Batting: LHB Kevin Rigby
|
0-0: Ball 1-0: Ground out 6-3 (Groundball, 6, EV 76.3 MPH)
|
| Top of the 6th over - 3 runs, 2 hits, 0 errors, 0 left on base; Reno 4 - Stockton 3 |
| BOTTOM OF THE 6TH |
|
Stockton Mariners batting - Pitching for Reno Silver Sox : RHP Donald Lamer
|
|
Batting: LHB Joe Perna
|
0-0: Fly out, F4 (Line Drive, 4, EV 64.4 MPH)
|
|
Batting: LHB Harold Perkins
|
0-0: Ball 1-0: Ball 2-0: Ground out 3-1 (Groundball, 34S, EV 93.1 MPH)
|
|
Batting: LHB Victor Gavidia
|
0-0: Ball 1-0: Ball 2-0: Ground out 4-3 (Groundball, 4, EV 86.3 MPH)
|
| Bottom of the 6th over - 0 runs, 0 hits, 0 errors, 0 left on base; Reno 4 - Stockton 3 |
| TOP OF THE 7TH |
|
Reno Silver Sox batting - Pitching for Stockton Mariners : LHP Randy Ford
|
|
Batting: RHB Luis Cabanas
|
0-0: Ball 1-0: Ball 2-0: Ball 3-0: Called Strike 3-1: Swinging Strike 3-2: SINGLE (Groundball, 6MD, EV 105.6 MPH)
|
|
Batting: RHB Emilio Perez
|
0-0: Sac Bunt to 13 - play at first, batter OUT! 1-4 Luis Cabanas to second
|
|
Batting: RHB Jesus Tiamo
|
0-0: Called Strike 0-1: Ball 1-1: SINGLE (Flyball, 34D, EV 91.9 MPH) Luis Cabanas to third
|
|
Batting: RHB Lemmie Miller
|
0-0: Fly out, F8 (Flyball, 89D, EV 89.4 MPH) Runner from 3rd tags up, OUT at HOME! 8-2
|
| Top of the 7th over - 0 runs, 2 hits, 0 errors, 1 left on base; Reno 4 - Stockton 3 |
| BOTTOM OF THE 7TH |
|
Stockton Mariners batting - Pitching for Reno Silver Sox : RHP Donald Lamer
|
|
Batting: RHB Robert Silverman
|
0-0: Ball 1-0: Fly out, F9 (Line Drive, 9, EV 91.9 MPH)
|
|
Batting: LHB Ricky Nelson
|
0-0: Called Strike 0-1: Ground out 4-3 (Groundball, 4S, EV 80.6 MPH)
|
|
Batting: LHB David Lanning
|
0-0: Ball 1-0: Foul Ball, location: 2F 1-1: Reached on error, E7 (Flyball, 7, EV 78.8 MPH)
|
|
Batting: SHB Eddie Tanner
|
0-0: Ball 1-0: Called Strike 1-1: Ball 2-1: Foul Ball, location: 2F 2-2: Ball 3-2: Fly out, F8 (Flyball, 78M, EV 85.0 MPH)
|
| Bottom of the 7th over - 0 runs, 0 hits, 1 error, 1 left on base; Reno 4 - Stockton 3 |
| TOP OF THE 8TH |
|
Reno Silver Sox batting - Pitching for Stockton Mariners : LHP Randy Ford
|
|
Batting: RHB Rod Hobbs
|
0-0: Ball 1-0: Called Strike 1-1: Ball 2-1: SINGLE (Groundball, 4MD, EV 105.6 MPH)
|
|
Batting: LHB Victor Diaz
|
0-0: Ball 1-0: Ball 2-0: SINGLE (Flyball, 89S, EV 90.6 MPH) Rod Hobbs to second Runner from 2nd tries for 3rd, SAFE, throw by RF made to third
|
|
Batting: LHB Mike Hocutt
|
0-0: Ball 1-0: Foul Ball, location: 2F 1-1: Called Strike 1-2: Fly out, F7 (Flyball, 78XD, EV 101.9 MPH) Runner from 3rd tags up, SCORES, no throw by LF
|
|
Batting: RHB Bill Crone
|
0-0: Swinging Strike 0-1: Fielders Choice at 2nd, 3-6 (Groundball, 3S, EV 83.1 MPH)
|
|
Batting: LHB Kevin Rigby
|
0-0: Ground out 5-3 (Groundball, 56S, EV 81.3 MPH)
|
| Top of the 8th over - 1 run, 2 hits, 0 errors, 1 left on base; Reno 5 - Stockton 3 |
| BOTTOM OF THE 8TH |
|
Stockton Mariners batting - Pitching for Reno Silver Sox : RHP Donald Lamer
|
|
Batting: LHB David Cawthon
|
0-0: Fly out, F8 (Flyball, 89S, EV 70.6 MPH)
|
|
Batting: RHB Orlando Mercado
|
0-0: SINGLE (Line Drive, 3D, EV 95.6 MPH)
|
|
Batting: LHB Joe Perna
|
0-0: Ball Wild Pitch! Orlando Mercado to second 1-0: Swinging Strike 1-1: Foul Ball, location: 2F 1-2: Fly out, F3 (Popup, 3F, EV 65.0 MPH)
|
|
Batting: LHB Harold Perkins
|
0-0: Ball 1-0: Foul Ball, location: 2F 1-1: Swinging Strike 1-2: Ground out 6-3 (Groundball, 6, EV 80.6 MPH)
|
| Bottom of the 8th over - 0 runs, 1 hit, 0 errors, 1 left on base; Reno 5 - Stockton 3 |
| TOP OF THE 9TH |
|
Reno Silver Sox batting - Pitching for Stockton Mariners : LHP Randy Ford
|
|
Pitching: LHP Robert Alsup
|
|
|
Batting: RHB Luis Cabanas
|
0-0: Ball 1-0: Ball 2-0: Called Strike 2-1: Swinging Strike 2-2: Foul Ball, location: 2F 2-2: Fly out, F3 (Popup, 23F, EV 87.5 MPH)
|
|
Batting: RHB Emilio Perez
|
0-0: Ball 1-0: Ball 2-0: SINGLE (Line Drive, 89S, EV 94.4 MPH)
|
|
Batting: RHB Jesus Tiamo
|
0-0: Called Strike 0-1: Ball 1-1: Ball 2-1: Ball 3-1: SINGLE (Groundball, 6D, EV 96.3 MPH) Emilio Perez to second
|
|
Batting: RHB Lemmie Miller
|
0-0: SINGLE (Line Drive, 8RS, EV 104.4 MPH) Emilio Perez to third Jesus Tiamo to second Runner from 3rd tries for Home, SAFE, throw by CF to home Jesus Tiamo to third Lemmie Miller to second
|
|
Batting: RHB Rod Hobbs
|
0-0: Ball 1-0: Ball 2-0: SINGLE (Line Drive, 8LM, EV 90.0 MPH) Jesus Tiamo scores Lemmie Miller to third
|
|
Batting: LHB Victor Diaz
|
0-0: Fly out, F8 (Flyball, 8RS, EV 91.3 MPH) Runner from 3rd tags up, SCORES, throw by CF
|
|
Pitching: RHP Steve Green
|
|
|
Batting: LHB Mike Hocutt
|
0-0: Ball Rod Hobbs steals 2nd base 1-0: Ball 2-0: Foul Ball, location: 2F 2-1: Fly out, F9 (Flyball, 89D, EV 90.0 MPH)
|
| Top of the 9th over - 3 runs, 4 hits, 0 errors, 1 left on base; Reno 8 - Stockton 3 |
| BOTTOM OF THE 9TH |
|
Stockton Mariners batting - Pitching for Reno Silver Sox : RHP Donald Lamer
|
|
Pitching: RHP Steve Eddy
|
|
|
Batting: LHB Victor Gavidia
|
0-0: Called Strike 0-1: Ball 1-1: DOUBLE (Line Drive, 3D, EV 104.4 MPH)
|
|
Batting: RHB Robert Silverman
|
0-0: Ground out 4-3 (Groundball, 4S, EV 85.6 MPH) Victor Gavidia to third
|
|
Batting: LHB Ricky Nelson
|
0-0: Ball 1-0: Ball 2-0: Foul Ball, location: 2F 2-1: Ground out 6-3 (Groundball, 6, EV 85.0 MPH) Victor Gavidia scores
|
|
Batting: LHB David Lanning
|
0-0: Ball 1-0: Ball 2-0: Ground out 4-3 (Groundball, 4, EV 85.6 MPH)
|
| Bottom of the 9th over - 1 run, 1 hit, 0 errors, 0 left on base; Reno 8 - Stockton 4 |
|